 Dungeon Crawl Stone Soup version 0.28.0 (webtiles) character file.

Game seed: 1700838851760174228

133 browni3141 the Chopper (level 4, 0/41 HPs)
             Began as a Minotaur Berserker on Feb 17, 2022.
             Was a Believer of Trog.
             Slain by a goblin (2 damage)
             ... led by Robin
             ... on level 3 of the Dungeon.
             The game lasted 00:00:45 (2185 turns).

browni3141 the Chopper (Minotaur Berserker)         Turns: 2185, Time: 00:00:46

Health: 0/41       AC:  2    Str: 29    XL:     4   Next: 93%
Magic:  3/3        EV: 12    Int:  4    God:    Trog [**....]
Gold:   40         SH:  0    Dex: 10    Spells: 3/3 levels left

rFire   . . .      SeeInvis .   a - +0 hand axe
rCold   . . .      Faith    .   (no shield)
rNeg    . . .      Spirit   .   b - +0 animal skin
rPois   .          Reflect  .   (helmet restricted)
rElec   .          Harm     .   (no cloak)
rCorr   .          Rampage  .   (no gloves)
Will    .....                   (no boots)
Stlth   +.........              (no amulet)
HPRegen 0.13/turn               S - +6 ring of strength
MPRegen 0.08/turn               (no ring)

@: on berserk cooldown, slowed, very slow
A: horns 2, retaliatory headbutt
a: Renounce Religion, Berserk, Trog's Hand


You were on level 3 of the Dungeon.
You worshipped Trog.
Trog was pleased with you.
You visited 1 branch of the dungeon, and saw 3 of its levels.

You collected 40 gold pieces.


Innate Abilities, Weirdness & Mutations

You have a pair of horns on your head.
You reflexively headbutt those who attack you in melee.


   Skills:
 + Level 4.5 Fighting
 * Level 5.5 Axes
 + Level 3.7 Armour
 - Level 2.1 Dodging


You had 3 spell levels left.
You didn't know any spells.
Your spell library was empty.

Inventory:

Hand Weapons
 a - a +0 hand axe (weapon)
Armour
 b - a +0 animal skin (worn)
Jewellery
 S - a +6 ring of strength (left hand)
Scrolls
 c - a scroll of enchant armour {unknown}
 f - a scroll of enchant weapon {unknown}
 h - a scroll of teleportation {unknown}
 j - a scroll of magic mapping {unknown}
Potions
 d - a potion of curing {unknown}
 e - a potion of brilliance {unknown}
 g - a potion of cancellation {unknown}
 i - a potion of flight {unknown}

Dungeon Overview and Level Annotations

Branches:
Dungeon (3/15)

Altars:
Elyvilon
Gozag
Hepliaklqana

Annotations:
D:3 Jessica

#...# ...........##
#...# ...........#
#...# ..........# #...#
#.........# #...#
#.........# #>..#
#.........# #...#
#..@......###...###
#..@......#.......##
#..g))....#.........
#.####.######.....))..
......)......'.....)...
.#.####..#####.....)...
##.# ##.#####.. #.. #.#
#.. ##.. ##'#####.. ..
#.........


You could see Jessica (fast) and a goblin.


Message History

You feel yourself slow down.
You closely miss the goblin. The goblin hits you but does no damage.
Jessica points at you and mumbles some strange words.
You resist with some effort. The goblin hits you with a +0 dagger.
You hit the goblin.
The goblin is moderately wounded.
Jessica gestures wildly while chanting.
Jessica seems to speed up.
The goblin hits you with a +0 dagger.
* * * LOW HITPOINT WARNING * * *
The goblin hits you with a +0 dagger.
* * * LOW HITPOINT WARNING * * *
Jessica closely misses you.
You closely miss the goblin.
The goblin is moderately wounded.
You hit Jessica.
The goblin no longer looks unusually strong.
Jessica misses you. The goblin hits you with a +0 dagger.
* * * LOW HITPOINT WARNING * * *
Jessica hits you with a +7 club.
* * * LOW HITPOINT WARNING * * *
You are too injured to fight recklessly!
You are too injured to fight recklessly!
You are too injured to fight recklessly!
You are too injured to fight recklessly!
You slash Jessica!
Jessica is almost dead.
You hit the goblin. Jessica hits you with a +7 club!
* * * LOW HITPOINT WARNING * * *
The goblin hits you with a +0 dagger.
You die...

Skill      XL: |  1  2  3  4 |
---------------+-------------+-----
Axes           | 4 5 |  5.5
Fighting       | 4 |  4.5
Armour         | 3 |  3.7
Dodging        | |  2.1

Action                   |  1- 3 |  4- 6 || total
-------------------------+-------+-------++-------
Melee: Hand axe          |    58 |    20 ||    78
       Headbutt          |     7 |     4 ||    11
Invok: Berserk           |     1 |     1 ||     2
 Stab: Sleeping          |     2 |       ||     2
Armor: Animal skin       |    10 |     5 ||    15
Dodge: Dodged            |    41 |    12 ||    53

Levels and vault maps discovered:
D:1:      dpeg_arrival_rooms_b, layout_basic,
          dreamdust_ecumenical_altar_drowned_temple
D:2:      layout_loops_ring, basic_altar
D:3:      layout_basic, nicolae_sif_muna_condensation,
          nicolae_hepliaklqana_hazy_memory, elyvilon_altar_4, serial_shops,
          shop, gammafunk_ghost_abyssal_escape, uniq_robin, uniq_jessica

Notes
Turn   | Place    | Note
-------+----------+-------------------------------------------
     0 | D:1      | browni3141 the Minotaur Berserker began the quest for the
                  | Orb.
     0 | D:1      | Reached XP level 1. HP: 19/19 MP: 0/0
   212 | D:1      | Found a faded altar of an unknown god.
   237 | D:1      | Reached skill level 4 in Axes
   260 | D:1      | Reached XP level 2. HP: 18/27 MP: 1/1
   792 | D:1      | Reached skill level 4 in Fighting
  1184 | D:2      | Reached skill level 3 in Armour
  1242 | D:2      | Found an opulent altar of Gozag.
  1284 | D:2      | Reached XP level 3. HP: 20/33 MP: 2/2
  1880 | D:3      | Found a hazy altar of Hepliaklqana.
  1949 | D:3      | Found a white marble altar of Elyvilon.
  1967 | D:3      | Reached XP level 4. HP: 39/40 MP: 3/3
  1984 | D:3      | Reached skill level 5 in Axes
  1984 | D:3      | Reached ** piety under Trog
  2164 | D:3      | Noticed Robin
  2168 | D:3      | Noticed Jessica
  2176 | D:3      | Killed Robin
  2185 | D:3      | HP: 2/41 [Jessica (7)]
  2185 | D:3      | Slain by a goblin

Vanquished Creatures
  Robin (D:3)
  3 adders (D:2)
  4 gnolls (D:3)
  4 bats
  4 endoplasms
  A giant cockroach (D:1)
  10 goblins
  8 hobgoblins
  2 jackals (D:1)
  2 quokkas (D:1)
  3 ball pythons
  4 frilled lizards
  3 kobolds (D:1)
  6 rats
  A spectral kobold (D:1)
56 creatures vanquished.

Vanquished Creatures (others)
  4 plants (D:3)
4 creatures vanquished.

Grand Total: 60 creatures vanquished

Table legend: (Time is in decaauts)
 A = Elapsed time spent in this place.
 B = Non-inter-level travel time spent in this place.
 C = Inter-level travel time spent in this place.
 D = Time resting spent in this place.
 E = Time spent auto-exploring this place.
 F = Levels seen in this place.
 G = Mean time per level.
                   A        B        C        D        E       F      G
               +--------+--------+--------+--------+--------+-----+--------+
         Total |   2199 |   2165 |     34 |    170 |   1736 |   3 |  733.0 |
       Dungeon |   2199 |   2165 |     34 |    170 |   1736 |   3 |  733.0 |
               +--------+--------+--------+--------+--------+-----+--------+

Top non-repeatable levels by time:
     D:1: 1078 daAuts
     D:2: 814 daAuts
     D:3: 306 daAuts

Table legend:
 A = Non-vault XP
 B = Vault XP
 C = Vault XP percentage of total XP
 D = Non-vault monster count
 E = Vault monster count
 F = Vault count percentage of total count
                 A         B        C        D         E       F
            +---------+---------+-------+---------+---------+-------
      Total |     153 |      37 |  19.5 |      44 |      12 |  21.4
            +---------+---------+-------+---------+---------+-------
        D:1 |      35 |       1 |   2.8 |      23 |       1 |   4.2
        D:2 |      58 |       0 |   0.0 |      15 |       0 |   0.0
        D:3 |      60 |      36 |  37.5 |       6 |      11 |  64.7
            +---------+---------+-------+---------+---------+-------
